 Dungeon Crawl Stone Soup version 0.17.1-3-g152610e (webtiles) character file.

4144 MrTails the Basher (level 10, -23/64 HPs)
             Began as a Gargoyle Fighter on Feb 17, 2016.
             Was a Follower of the Shining One.
             Annihilated by a very large slime creature (48 damage)
             ... on level 9 of the Dungeon.
             The game lasted 00:30:40 (6897 turns).

MrTails the Basher (Gargoyle Fighter)               Turns: 6897, Time: 00:30:45

Health: -23/64     AC: 19    Str: 28    XL:     10   Next: 27%
Magic:  0/3        EV:  8    Int:  9    God:    the Shining One [*.....]
Gold:   257        SH: 13    Dex:  7    Spells: 0 memorised, 9 levels left

rFire  + . .     SeeInvis .     f - +6 flail (antimagic)
rCold  + . .     Clarity  .     r - +2 scale mail {rC+}
rNeg   + . .     SustAt   .     c - +0 shield
rPois  ∞         Gourm    .     (helmet restricted)
rElec  +         Spirit   +     (no cloak)
rCorr  .         Warding  .     (no gloves)
rMut   .         Stasis   .     (no boots)
MR     ++...                    v - amulet of guardian spirit
Stlth  ..........               s - ring of protection from magic
                                p - ring of protection from fire

@: mighty, glowing, very resistant to hostile enchantments, extremely unstealthy
A: hooves 1, horns 1, large bone plates 1, clumsy 1, low mp 1, magic resistance
1, negative energy resistance 1, electricity resistance, wild magic 1,
unbreathing, evolution 1, petrification resistance, rot immunity, AC +7
a: Renounce Religion


You were on level 9 of the Dungeon.
You worshipped the Shining One.
The Shining One was aware of your devotion.
You were not hungry.

You visited 3 branches of the dungeon, and saw 10 of its levels.

You collected 257 gold pieces.

Inventory:

Hand Weapons
 a - a +0 flail
 f - a +6 antimagic flail (weapon)
Armour
 b - a +1 scale mail
 c - a +0 shield (worn)
 r - a +2 scale mail of cold resistance (worn)
 B - a +2 helmet
Jewellery
 p - a ring of protection from fire (left hand)
 s - a ring of protection from magic (right hand)
 v - an amulet of guardian spirit (around neck)
 w - an uncursed ring of see invisible
 y - an uncursed ring of fire {unknown}
 G - an uncursed ring of protection from magic
Wands
 o - a wand of paralysis (8)
 q - a wand of confusion (23)
 u - a wand of random effects (14)
 D - a wand of frost (21)
 H - a wand of slowing (30)
Scrolls
 h - 2 scrolls of remove curse
 i - 2 scrolls of magic mapping
 j - 7 scrolls of identify
 l - 2 scrolls of teleportation
 m - 2 scrolls of enchant armour
 n - a scroll of blinking
 F - a scroll of torment {unknown}
 K - a scroll of immolation {unknown}
Potions
 d - 2 potions of might
 e - a potion of cancellation
 k - 2 potions of haste
 x - a potion of ambrosia {unknown}
 z - 2 potions of curing
 A - a potion of magic {unknown}
Books
 t - a book of the Dragon

   Spells                             Type                      Level
   a - Flame Tongue                   Conjuration/Fire             1
   b - Cause Fear                     Hexes                        4
   c - Bolt of Fire                   Conjuration/Fire             6
   d - Dragon Form                    Transmutation                7
   e - Dragon's Call                  Summoning                    9
 C - a book of Flames

   Spells                             Type                      Level
   a - Flame Tongue                   Conjuration/Fire             1
   b - Throw Flame                    Conjuration/Fire             2
   c - Conjure Flame                  Conjuration/Fire             3
   d - Inner Flame                    Hexes/Fire                   3
   e - Sticky Flame                   Conjuration/Fire             4
   f - Fireball                       Conjuration/Fire             5
Comestibles
 g - 4 meat rations
 E - 8 royal jellies
 I - a bread ration


   Skills:
 + Level 7.7 Fighting
 * Level 9.4 Maces & Flails
 + Level 8.0 Armour
 + Level 8.1 Shields


You had 9 spell levels left.
You didn't know any spells.

Dungeon Overview and Level Annotations

Branches:
Dungeon (9/15)             Temple (1/1) D:5            Lair (1/8) D:8
    Orc: D:9-12

Altars:
Ashenzari
Dithmenos
Elyvilon
Gozag
Kikubaaqudgha
Makhleb
Nemelex Xobeh
Ru
Sif Muna
Vehumet
Xom
Yredelemnul
Zin
The Shining One

Shops:
D:8 }


Innate Abilities, Weirdness & Mutations

You are resistant to torment.
Your stone body is resilient (AC +7).
You are immune to poison.
You resist negative energy.
You are resistant to electric shocks.
You can survive without breathing.
You are immune to petrification.
You are immune to rotting.
You have large cloven feet.
You have a pair of small horns on your head.
You are partially covered in large bone plates (AC +2, SH +2).
You are clumsy. (Dex -2)
Your magical capacity is low (-10% MP).
You are resistant to hostile enchantments.
Your spells are a little harder to cast, but a little more powerful.
You evolve.


Message History

The very large slime creature hits you but does no damage.
You thump the very large slime creature!
You kick the very large slime creature.
Your headbutt misses the very large slime creature.
The very large slime creature is heavily wounded.
You block the very large slime creature's attack.
You hit the very large slime creature.
The very large slime creature is severely wounded.
You block the very large slime creature's attack.
You thump the very large slime creature!
You headbutt the very large slime creature.
The very large slime creature is severely wounded.
You block the very large slime creature's attack.
You thump the very large slime creature!
Your kick misses the very large slime creature.
You headbutt the very large slime creature, but do no damage.
The very large slime creature is severely wounded.
The very large slime creature hits you!!!
Ouch! That really hurt!
You die...

##### #.# #..# ....#
###.####.######.
###.#
#............... .##
# #.#
#.#.####.####### ..#
# #.# #.#.###...##
#.# # #.# #
#.##.#.#.## #.#
###.########
#.#.##.##.#######.#
............
#..###..........#.#
###.########
#.#@#####.#####.#.##
#.# #.##J###.##
#.....
###.##########.
##.#.## ###.##
...#...........
##.## #.#
.##.########### ###
#.# ...†.........#
#.# .##...######.#
#.# ###.#.# #.#
#...# #.#


You could see a very large slime creature.

Vanquished Creatures
  Pikel (D:8)
  A black mamba (Lair:1)
  A queen bee (D:8)
  Grinder (D:4)
  Sigmund (D:4)
  A deep elf fighter (D:8)
  Edmund (D:4)
  A crocodile (D:8)
  A water moccasin (D:7)
  A sky beast (D:9)
  A centaur (D:7)
  An ice beast (D:8)
  A black bear (D:8)
  An ogre (D:8)
  2 giant frogs
  3 scorpions
  15 killer bees (D:8)
  A quasit (D:7)
  2 crimson imps (D:7)
  3 hounds
  A jelly (D:7)
  A giant frog skeleton (D:5)
  2 iguanas
  4 worker ants
  A statue (D:8)
  A worker ant zombie (D:7)
  A mummy (D:4)
  6 adders
  A river rat (D:8)
  2 shadow imps (D:8)
  3 gnolls (D:7)
  A worm (D:2)
  4 giant geckos
  6 orcs
  3 ball pythons
  4 giant cockroaches
  2 gnoll zombies (D:8)
  3 hobgoblins
  4 jackals (D:1)
  3 kobolds
  2 quokkas
  20 bats
  2 giant gecko skeletons
  3 giant newts
  11 goblins
  A hobgoblin zombie (D:4)
  A kobold zombie (D:4)
  18 rats
151 creatures vanquished.

Vanquished Creatures (others)
  4 slaves (D:8)
  2 killer bees (D:8)
  A rat (D:8)
  2 fungi (D:8)
  2 plants (D:8)
11 creatures vanquished.

Grand Total: 162 creatures vanquished

Notes
Turn   | Place    | Note
--------------------------------------------------------------
     0 | D:1      | MrTails the Gargoyle Fighter began the quest for the Orb.
     0 | D:1      | Reached XP level 1. HP: 14/14 MP: 1/1
   116 | D:1      | Reached XP level 2. HP: 2/19 MP: 2/2
   909 | D:1      | Reached XP level 3. HP: 21/23 MP: 3/3
  1576 | D:2      | Reached XP level 4. HP: 26/28 MP: 4/4
  2089 | D:3      | Reached skill level 4 in Shields
  2626 | D:4      | Gained mutation: Your spells are a little harder to cast, but a little more powerful. [potion of mutation]
  2626 | D:4      | Gained mutation: You evolve. [potion of mutation]
  2626 | D:4      | Gained mutation: Your magical capacity is low (-10% MP). [potion of mutation]
  2723 | D:4      | Noticed Sigmund
  2751 | D:4      | Killed Sigmund
  2751 | D:4      | Reached XP level 5. HP: 15/33 MP: 4/4
  2751 | D:4      | Reached XP level 6. HP: 17/38 MP: 5/5
  2893 | D:4      | Found a shimmering altar of Xom.
  2893 | D:4      | Noticed an angel
  2894 | D:4      | Found a glowing silver altar of Zin.
  2900 | D:4      | Gained mutation: You are partially covered in large bone plates (AC +2, SH +2). [potion of mutation]
  2900 | D:4      | Gained mutation: You have large cloven feet. [potion of mutation]
  3031 | D:4      | Found an opulent altar of Gozag.
  3031 | D:4      | Found a sparkling altar of Nemelex Xobeh.
  3327 | D:4      | Noticed Grinder
  3352 | D:4      | Paralysed by Grinder for 3 turns
  3364 | D:4      | Killed Grinder
  3364 | D:4      | Reached skill level 5 in Shields
  3364 | D:4      | Reached XP level 7. HP: 27/44 MP: 6/6
  3487 | D:4      | Noticed Edmund
  3525 | D:4      | Killed Edmund
  3525 | D:4      | Reached skill level 5 in Fighting
  3525 | D:4      | Reached skill level 5 in Maces & Flails
  3525 | D:4      | Reached skill level 5 in Armour
  3898 | D:5      | Entered Level 5 of the Dungeon
  3970 | D:5      | Found a staircase to the Ecumenical Temple.
  4012 | Temple   | Entered the Ecumenical Temple
  4089 | Temple   | Became a worshipper of the Shining One
  4131 | D:5      | You fall through a shaft for 2 floors!
  4297 | D:7      | Reached XP level 8. HP: 42/49 MP: 2/7
  4327 | D:7      | Reached skill level 6 in Maces & Flails
  4549 | D:7      | Gained mutation: You have a pair of small horns on your head. [potion of mutation]
  4549 | D:7      | Gained mutation: You are clumsy. (Dex -2) [potion of mutation]
  4549 | D:7      | Gained mutation: You are resistant to hostile enchantments. [potion of mutation]
  4692 | D:7      | Found a sacrificial altar of Ru.
  4930 | D:8      | Noticed Pikel
  4942 | D:8      | Killed Pikel
  4942 | D:8      | Reached skill level 7 in Maces & Flails
  4942 | D:8      | Reached XP level 9. HP: 55/55 MP: 2/8
  5079 | D:8      | Found a radiant altar of Vehumet.
  5122 | D:8      | Found Ostru's Gadget Emporium.
  5310 | D:8      | Found a basalt altar of Yredelemnul.
  5389 | D:8      | Reached * piety under the Shining One
  5429 | D:8      | Noticed a queen bee
  5451 | D:8      | Reached skill level 8 in Maces & Flails
  5468 | D:8      | The Shining One protects you from harm!
  5876 | D:8      | Killed a queen bee
  6014 | D:8      | Reached skill level 9 in Maces & Flails
  6014 | D:8      | Reached XP level 10. HP: 55/63 MP: 3/9
  6062 | D:8      | Found a staircase to the Lair.
  6266 | Lair:1   | Entered Level 1 of the Lair of Beasts
  6267 | Lair:1   | Noticed a black mamba
  6278 | Lair:1   | Killed a black mamba
  6630 | D:9      | Found a deep blue altar of Sif Muna.
  6897 | D:9      | Annihilated by a very large slime creature

Action                   |  1- 3 |  4- 6 |  7- 9 | 10-12 || total
-------------------------+-------+-------+-------+-------++-------
Melee: Flail             |   161 |   191 |   259 |    53 ||   664
  Use: Scroll            |       |    12 |     2 |       ||    14
       Potion            |       |     7 |     2 |     1 ||    10
  Eat: Bread ration      |     1 |       |       |     1 ||     2
       Chunk             |       |     1 |     6 |       ||     7
       Fruit             |       |     1 |     3 |       ||     4
       Beef jerky        |       |     1 |       |       ||     1
